 Dungeon Crawl Stone Soup version 0.31-a0-1301-g7e11add784 (webtiles) character file.

Game seed: 1913789573949059250

64 Bnni the Digger (level 4, -2/32 HPs)
             Began as a Formicid Earth Elementalist on Dec 19, 2023.
             Slain by a gnoll
             ... wielding a +0 spear
              (8 damage)
             ... on level 2 of the Dungeon.
             The game lasted 00:01:52 (1105 turns).

Bnni the Digger (Formicid Earth Elementalist)       Turns: 1105, Time: 00:01:53

Health: -2/32      AC:  2    Str: 13    XL:     4   Next: 32%
Magic:  0/8        EV: 12    Int: 16    God:
Gold:   73         SH:  0    Dex: 14    Spells: 7/8 levels left

rFire   . . .        h - staff of conjuration
rCold   . . .        (no shield)
rNeg    . . .        a - +0 robe
rPois   .            (helmet unavailable)
rElec   .            (no cloak)
rCorr   .            (no gloves)
SInv    +            (no boots)
Will    .....        (no amulet)
Stlth   ++           (no ring)
HPRegen 0.25/turn    (no ring)
MPRegen 0.11/turn

%: no passive effects
@: no status effects
A: permanent stasis, dig shafts and tunnels, antennae 3, four strong arms
a: Dig, Shaft Self


You were on level 2 of the Dungeon.
You visited 1 branch of the dungeon, and saw 2 of its levels.

You collected 73 gold pieces.

Inventory:

Armour
 a - a +0 robe (worn)
 f - a +0 kite shield
Magical Staves
 h - a staff of conjuration (weapon)
Scrolls
 c - a scroll of noise {unknown}
 d - a scroll of poison {unknown}
 e - 2 scrolls of identify {unknown}
 i - a scroll of enchant armour {unknown}
 j - a scroll of immolation {unknown}
Potions
 b - a potion of magic
 g - a potion of might {unknown}


   Skills:
 + Level 1.3 Fighting
 - Level 1.7 Dodging
 - Level 2.4 Stealth
 + Level 2.8 Spellcasting
 - Level 2.0 Transmutations
 * Level 4.7 Earth Magic


You had 7 spell levels left.
You knew the following spells:

 Your Spells              Type           Power      Damage    Failure   Level
a - Sandblast             Erth           34%        2d9       2%          1

Your spell library contained the following spells:

 Spells                   Type           Power      Damage    Failure   Level
 Passwall                 Tmut/Erth      10%        N/A       8%          2
 Stone Arrow              Conj/Erth      28%        3d8       22%         3
 Petrify                  Tmut/Erth      13%        N/A       43%         4
 Brom's Barrelling Bould  Conj/Erth      14%        2d4       58%         4


Dungeon Overview and Level Annotations

Branches:
Dungeon (2/15)

Altars:
Ru


Innate Abilities, Weirdness & Mutations

You cannot be hasted, slowed, berserked, paralysed or teleported.
You can dig through walls and to a lower floor.
You have a pair of large antennae on your head. (SInv)
Your four strong arms can wield two-handed weapons with a shield.


Message History

You kill the quokka!
The gnoll barely misses you.
Aiming: Sandblast (safe; 2% risk of failure)
Press: ? - help, Q - select action, (/) - cycle Shift-Dir - straight line, f - giant cockroach
Aim: a giant cockroach (82% to hit)
The blast of sand hits the giant cockroach.
The giant cockroach is severely wounded.
The gnoll hits you from afar with a +0 spear.
* * * LOW HITPOINT WARNING * * *
The gnoll misses you.
The giant cockroach attacks as it pursues you!
The giant cockroach misses you. The giant cockroach bites you.
* * * LOW HITPOINT WARNING * * *
The gnoll attacks as it pursues you!
The gnoll hits you from afar with a +0 spear.
* * * LOW HITPOINT WARNING * * *
You hit the giant cockroach.
You kill the giant cockroach!
The gnoll barely misses you.
Unknown command.
Aiming: Sandblast (safe; 2% risk of failure)
Press: ? - help, Q - select action, (/) - cycle Shift-Dir - straight line, f - gnoll
Aim: a gnoll, wielding a +0 spear (84% to hit)
The blast of sand hits the gnoll.
The gnoll is lightly wounded.
The gnoll barely misses you.
Aiming: Sandblast (safe; 2% risk of failure)
Press: ? - help, Q - select action, (/) - cycle Shift-Dir - straight line, f/p - gnoll
Aim: a gnoll, wielding a +0 spear (lightly wounded, 84% to hit)
The blast of sand hits the gnoll but does no damage.
The gnoll is lightly wounded.
The gnoll hits you from afar with a +0 spear.
* * * LOW HITPOINT WARNING * * *
Unknown command.
Aiming: Sandblast (safe; 2% risk of failure)
Press: ? - help, Q - select action, (/) - cycle Shift-Dir - straight line, f/p - gnoll
Aim: a gnoll, wielding a +0 spear (lightly wounded, 84% to hit)
The blast of sand misses the gnoll.
The gnoll hits you from afar with a +0 spear!
You die...

#########.......#
#...............#
#...............#
##########...........#
.........#.######....##
######.............#..#
#......#.#...#.#####...
#.####^#.#...#.##....♣♣P
#.#. ..........@..# #
#.#.##.#.......#..#.♣♣.
#.#....#...)..##g.#.P..
#.# .........†.....♣
#.####.#######†#...♣♣
#.................PP♣♣♣
######....####.#......P
#...........#...♣♣♣P.. ♣
r #.######....#.†.♣
.P... P♣


You could see a gnoll.

Vanquished Creatures
  A gnoll (D:2)
  2 adders (D:2)
  2 dart slugs (D:1)
  4 endoplasms
  2 giant cockroaches
  3 hobgoblins
  2 quokkas (D:2)
  A ball python (D:2)
  10 bats (D:1)
  A frilled lizard (D:1)
  A goblin (D:1)
  A kobold (D:1)
  3 rats (D:1)
33 creatures vanquished.

Notes
Turn   | Place    | Note
-------+----------+-------------------------------------------
     0 | D:1      | Bnni the Formicid Earth Elementalist began the quest for
                  | the Orb.
     0 | D:1      | Reached XP level 1. HP: 13/13 MP: 3/3
   317 | D:1      | Reached XP level 2. HP: 19/19 MP: 1/5
   462 | D:1      | Reached skill level 4 in Earth Magic
   652 | D:1      | Reached XP level 3. HP: 25/25 MP: 3/6
   967 | D:2      | Reached skill level 1 in Fighting
  1055 | D:2      | Found a sacrificial altar of Ru.
  1062 | D:2      | Reached XP level 4. HP: 32/32 MP: 4/8
  1105 | D:2      | Slain by a gnoll

Illustrated notes

Levels and vault maps discovered:
D:1:      co_arrival_square_in_a_square_in_a_square, layout_basic,
          minmay_tromino_mix6
D:2:      wad_woods_stonehenge, layout_basic

Skill      XL: |  1  2  3 |
---------------+----------+-----
Earth Magic    | 4 |  4.7
Transmutations | 2 |  2.0
Fighting       | 1 |  1.3
Dodging        | |  1.7
Stealth        | |  2.4
Spellcasting   | |  2.8

Action                     |  1- 3 |  4- 6 || total
---------------------------+-------+-------++-------
  Melee: Staff             |       |     1 ||     1
   Cast: Sandblast         |    41 |     9 ||    50
 Armour: Robe              |    11 |     9 ||    20
  Dodge: Dodged            |    12 |     7 ||    19

Table legend: (Time is in decaauts)
 A = Elapsed time spent in this place.
 B = Non-inter-level travel time spent in this place.
 C = Inter-level travel time spent in this place.
 D = Time resting spent in this place.
 E = Time spent auto-exploring this place.
 F = Levels seen in this place.
 G = Mean time per level.
                   A        B        C        D        E       F      G
               +--------+--------+--------+--------+--------+-----+--------+
         Total |   1129 |   1096 |     33 |      0 |    871 |   2 |  564.5 |
       Dungeon |   1129 |   1096 |     33 |      0 |    871 |   2 |  564.5 |
               +--------+--------+--------+--------+--------+-----+--------+

Top non-repeatable levels by time:
     D:1: 959 daAuts
     D:2: 169 daAuts
